[ AOE2 MATCH · #506796911 ]
UnrankedBerbers vs Spanish
Player's team · LOSS
Rival team · WIN
[ REPLAY ANALYSIS · EXTRACTED FROM THE RECORDED GAME ]
Feudal
8:59
Castle
20:35
Imperial
—
| APM avg | 61.3 |
| APM peak | 88 |
| eAPM avg | 24.4 |
| Villagers / military | 28 / 0 |
Focus
⚔️ 37.9% · 🌾 62.1%
Feudal
10:31
Castle
14:42
Imperial
—
| APM avg | 31.0 |
| APM peak | 78 |
| eAPM avg | 13.1 |
| Villagers / military | 47 / 24 |
Focus
⚔️ 25.1% · 🌾 74.9%
Conquistador ×23 · Mangonel ×1
Match map
Initial resources + every placement click. Lines = walls · curves = elevation contours. ◆ gold · ⬟ stone · ● berries · ✦ relic · ◌ wall gap
Your base· Open — unwalled flank
doecke998's base· Open — unwalled flank
Smoothed initial terrain · ◌ = detected wall gap · hover for details
Inputs per minute
— [DH] JapoIroh - - doecke998
Build order — [DH] JapoIroh
118 actions detected in the replay
| 0:00 | Queue | Villager (Male) |
| 0:02 | Build | House |
| 0:04 | Build | House |
| 0:10 | Queue | Villager (Male) |
| 0:10 | Queue | Villager (Male) |
| 0:12 | Queue | Villager (Male) |
| 1:10 | Queue | Villager (Male) |
| 1:48 | Build | Lumber Camp |
| 1:48 | Queue | Villager (Male) |
| 2:21 | Queue | Villager (Male) |
| 2:59 | Queue | Villager (Male) |
| 3:01 | Queue | Villager (Male) |
| 3:39 | Build | House |
| 3:44 | Queue | Villager (Male) |
| 3:58 | Queue | Villager (Male) |
| 4:15 | Queue | Villager (Male) |
| 4:40 | Build | Mill |
| 4:52 | Queue | Villager (Male) |
| 4:53 | Queue | Villager (Male) |
| 5:16 | Queue | Villager (Male) |
| 5:18 | Research | Loom |
| 6:49 | Research | Feudal Age |
| 8:03 | Build | House |
| 8:04 | Build | Barracks |
| 8:29 | Queue | Villager (Male) |
| 8:59 | Age | Feudal Age |
| 9:06 | Build | Blacksmith |
| 9:23 | Build | Mill |
| 9:23 | Queue | Villager (Male) |
| 9:41 | Queue | Villager (Male) |
| 10:17 | Build | Watch Tower |
| 10:19 | Queue | Villager (Male) |
| 10:21 | Build | Farm |
| 10:52 | Queue | Villager (Male) |
| 10:53 | Queue | Villager (Male) |
| 11:21 | Build | Watch Tower |
| 11:30 | Queue | Villager (Male) |
| 11:50 | Build | Mining Camp |
| 11:54 | Build | House |
| 11:55 | Build | House |
| 12:16 | Build | Stone Wall |
| 12:16 | Build | Stone Wall |
| 12:17 | Build | Stone Wall |
| 12:17 | Build | Stone Wall |
| 12:17 | Build | Stone Wall |
| 12:18 | Build | Stone Wall |
| 12:18 | Build | Stone Wall |
| 12:44 | Build | Stone Wall |
| 12:58 | Queue | Villager (Male) |
| 13:04 | Build | Mining Camp |
| 13:07 | Build | Farm |
| 13:20 | Build | Stone Wall |
| 13:21 | Build | Stone Wall |
| 13:21 | Build | Stone Wall |
| 13:22 | Build | Stone Wall |
| 13:22 | Build | Stone Wall |
| 13:22 | Build | Stone Wall |
| 13:22 | Build | Stone Wall |
| 13:23 | Build | Stone Wall |
| 13:23 | Build | Stone Wall |
| 13:23 | Build | Stone Wall |
| 13:24 | Build | Stone Wall |
| 13:27 | Queue | Villager (Male) |
| 13:46 | Queue | Villager (Male) |
| 14:13 | Queue | Villager (Male) |
| 14:14 | Build | Farm |
| 14:29 | Build | Watch Tower |
| 15:38 | Build | Stone Wall |
| 15:44 | Build | Stone Wall |
| 15:44 | Build | Stone Wall |
| 15:44 | Build | Stone Wall |
| 15:45 | Build | Stone Wall |
| 15:45 | Build | Stone Wall |
| 15:45 | Build | Stone Wall |
| 15:45 | Build | Stone Wall |
| 15:46 | Build | Stone Wall |
| 15:46 | Build | Stone Wall |
| 16:48 | Build | Stone Wall |
| 16:49 | Build | Stone Wall |
| 16:49 | Build | Stone Wall |
| 16:49 | Build | Stone Wall |
| 16:49 | Build | Stone Wall |
| 16:50 | Build | Stone Wall |
| 16:50 | Build | Stone Wall |
| 16:50 | Build | Stone Wall |
| 16:51 | Build | Stone Wall |
| 16:51 | Build | Stone Wall |
| 16:51 | Build | Stone Wall |
| 17:11 | Build | Market |
| 17:39 | Build | Watch Tower |
| 17:50 | Build | Watch Tower |
| 17:55 | Research | Castle Age |
| 18:10 | Build | Palisade Wall |
| 18:31 | Build | Stone Wall |
| 18:49 | Build | House |
| 18:56 | Build | Palisade Wall |
| 18:58 | Build | House |
| 19:19 | Build | Watch Tower |
| 20:04 | Research | Fletching |
| 20:04 | Research | Fletching |
| 20:17 | Queue | Villager (Male) |
| 20:35 | Age | Castle Age |
| 20:57 | Build | Watch Tower |
| 21:51 | Build | Stone Wall |
| 21:51 | Build | Stone Wall |
| 21:51 | Build | Stone Wall |
| 21:51 | Build | Stone Wall |
| 21:52 | Build | Stone Wall |
| 21:52 | Build | Stone Wall |
| 21:52 | Build | Stone Wall |
| 21:53 | Build | Stone Wall |
| 21:53 | Build | Stone Wall |
| 21:53 | Build | Stone Wall |
| 21:54 | Build | Stone Wall |
| 21:54 | Build | Stone Wall |
| 21:55 | Build | Stone Wall |
| 22:40 | Build | Castle |
| 22:54 | Queue | Villager (Male) |
Build order — doecke998
113 actions detected in the replay
| 0:00 | Queue | Villager (Male) |
| 0:00 | Queue | Villager (Male) |
| 0:02 | Build | House |
| 0:04 | Build | House |
| 0:21 | Queue | Villager (Male) |
| 0:21 | Queue | Villager (Male) |
| 0:21 | Queue | Villager (Male) |
| 0:21 | Queue | Villager (Male) |
| 1:24 | Queue | Villager (Male) |
| 1:24 | Queue | Villager (Male) |
| 1:49 | Queue | Villager (Male) |
| 1:49 | Queue | Villager (Male) |
| 2:14 | Queue | Villager (Male) |
| 2:14 | Queue | Villager (Male) |
| 2:14 | Queue | Villager (Male) |
| 2:37 | Build | Lumber Camp |
| 2:41 | Queue | Villager (Male) |
| 2:41 | Queue | Villager (Male) |
| 2:42 | Queue | Villager (Male) |
| 3:19 | Queue | Villager (Male) |
| 3:20 | Queue | Villager (Male) |
| 3:20 | Queue | Villager (Male) |
| 3:22 | Queue | Villager (Male) |
| 3:34 | Queue | Villager (Male) |
| 3:34 | Queue | Villager (Male) |
| 3:34 | Queue | Villager (Male) |
| 3:50 | Build | House |
| 4:25 | Build | House |
| 4:26 | Build | House |
| 4:28 | Build | Palisade Wall |
| 4:29 | Queue | Villager (Male) |
| 4:29 | Queue | Villager (Male) |
| 4:30 | Queue | Villager (Male) |
| 4:30 | Queue | Villager (Male) |
| 5:05 | Queue | Villager (Male) |
| 5:06 | Queue | Villager (Male) |
| 5:17 | Build | Palisade Wall |
| 5:18 | Build | Palisade Wall |
| 5:20 | Queue | Villager (Male) |
| 5:20 | Queue | Villager (Male) |
| 5:22 | Build | Mill |
| 6:11 | Queue | Villager (Male) |
| 6:22 | Build | Mining Camp |
| 7:04 | Queue | Villager (Male) |
| 7:04 | Queue | Villager (Male) |
| 7:12 | Build | Mining Camp |
| 7:37 | Research | Loom |
| 8:06 | Build | Palisade Wall |
| 8:17 | Research | Feudal Age |
| 8:23 | Build | Palisade Wall |
| 8:28 | Build | Palisade Wall |
| 9:16 | Queue | Villager (Male) |
| 9:16 | Queue | Villager (Male) |
| 9:20 | Build | Palisade Wall |
| 9:21 | Build | Palisade Wall |
| 10:31 | Age | Feudal Age |
| 10:33 | Build | Market |
| 10:36 | Build | Blacksmith |
| 11:20 | Build | Palisade Wall |
| 11:21 | Build | Palisade Wall |
| 12:02 | Research | Castle Age |
| 12:03 | Research | Castle Age |
| 12:07 | Build | Farm |
| 12:50 | Build | Mining Camp |
| 13:37 | Build | Farm |
| 13:46 | Queue | Villager (Male) |
| 13:47 | Queue | Villager (Male) |
| 14:10 | Build | Farm |
| 14:42 | Age | Castle Age |
| 14:50 | Build | Castle |
| 15:38 | Queue | Conquistador |
| 15:38 | Queue | Conquistador |
| 15:38 | Queue | Conquistador |
| 15:48 | Build | Farm |
| 15:49 | Build | Farm |
| 15:50 | Queue | Villager (Male) |
| 15:51 | Queue | Villager (Male) |
| 15:56 | Queue | Conquistador |
| 15:57 | Queue | Conquistador |
| 15:57 | Queue | Conquistador |
| 16:21 | Queue | Conquistador |
| 16:21 | Queue | Conquistador |
| 16:52 | Queue | Conquistador |
| 16:53 | Queue | Conquistador |
| 17:19 | Build | Mining Camp |
| 17:32 | Queue | Conquistador |
| 17:32 | Queue | Conquistador |
| 18:39 | Queue | Villager (Male) |
| 18:51 | Build | Mining Camp |
| 19:20 | Queue | Villager (Male) |
| 19:24 | Queue | Conquistador |
| 19:24 | Queue | Conquistador |
| 19:25 | Queue | Conquistador |
| 19:54 | Queue | Conquistador |
| 20:33 | Build | Farm |
| 20:35 | Build | Farm |
| 20:42 | Queue | Conquistador |
| 20:43 | Queue | Conquistador |
| 20:43 | Queue | Conquistador |
| 21:02 | Build | Siege Workshop |
| 21:19 | Queue | Villager (Male) |
| 21:19 | Queue | Villager (Male) |
| 21:28 | Build | Farm |
| 21:42 | Queue | Villager (Male) |
| 21:57 | Queue | Mangonel |
| 22:03 | Queue | Villager (Male) |
| 22:03 | Queue | Villager (Male) |
| 22:22 | Queue | Conquistador |
| 22:22 | Queue | Conquistador |
| 22:37 | Build | Farm |
| 22:41 | Build | House |
| 22:55 | Queue | Conquistador |
| 22:55 | Queue | Conquistador |
Match timeline
| 4:28 | doecke998 · wall_segment Palisade Wall x1 |
| 5:17 | doecke998 · wall_segment Palisade Wall x3 |
| 5:18 | doecke998 · wall_segment Palisade Wall x1 |
| 8:04 | [DH] JapoIroh · first_building Barracks |
| 8:06 | doecke998 · wall_segment Palisade Wall x1 |
| 8:23 | doecke998 · wall_segment Palisade Wall x1 |
| 8:28 | doecke998 · wall_segment Palisade Wall x1 |
| 8:59 | [DH] JapoIroh · age_up feudal |
| 9:20 | doecke998 · wall_segment Palisade Wall x1 |
| 9:21 | doecke998 · wall_segment Palisade Wall x1 |
| 10:31 | doecke998 · age_up feudal |
| 11:20 | doecke998 · wall_segment Palisade Wall x1 |
| 11:21 | doecke998 · wall_segment Palisade Wall x1 |
| 11:51 | doecke998 · first_market_sell 100 wood |
| 12:16 | [DH] JapoIroh · wall_segment Stone Wall x1 |
| 12:16 | [DH] JapoIroh · wall_segment Stone Wall x1 |
| 12:17 | [DH] JapoIroh · wall_segment Stone Wall x1 |
| 12:17 | [DH] JapoIroh · wall_segment Stone Wall x1 |
| 12:17 | [DH] JapoIroh · wall_segment Stone Wall x2 |
| 12:18 | [DH] JapoIroh · wall_segment Stone Wall x1 |
| 12:18 | [DH] JapoIroh · wall_segment Stone Wall x1 |
| 12:44 | [DH] JapoIroh · wall_segment Stone Wall x1 |
| 13:20 | [DH] JapoIroh · wall_segment Stone Wall x1 |
| 13:21 | [DH] JapoIroh · wall_segment Stone Wall x1 |
| 13:21 | [DH] JapoIroh · wall_segment Stone Wall x1 |
| 13:22 | [DH] JapoIroh · wall_segment Stone Wall x1 |
| 13:22 | [DH] JapoIroh · wall_segment Stone Wall x1 |
| 13:22 | [DH] JapoIroh · wall_segment Stone Wall x1 |
| 13:22 | [DH] JapoIroh · wall_segment Stone Wall x1 |
| 13:23 | [DH] JapoIroh · wall_segment Stone Wall x2 |
| 13:23 | [DH] JapoIroh · wall_segment Stone Wall x2 |
| 13:23 | [DH] JapoIroh · wall_segment Stone Wall x2 |
| 13:24 | [DH] JapoIroh · wall_segment Stone Wall x1 |
| 14:33 | doecke998 · first_market_buy 100 stone |
| 14:42 | doecke998 · age_up castle |
| 14:50 | doecke998 · first_building Castle |
| 15:38 | [DH] JapoIroh · wall_segment Stone Wall x1 |
| 15:44 | [DH] JapoIroh · wall_segment Stone Wall x1 |
| 15:44 | [DH] JapoIroh · wall_segment Stone Wall x1 |
| 15:44 | [DH] JapoIroh · wall_segment Stone Wall x1 |
| 15:45 | [DH] JapoIroh · wall_segment Stone Wall x2 |
| 15:45 | [DH] JapoIroh · wall_segment Stone Wall x1 |
| 15:45 | [DH] JapoIroh · wall_segment Stone Wall x1 |
| 15:45 | [DH] JapoIroh · wall_segment Stone Wall x2 |
| 15:46 | [DH] JapoIroh · wall_segment Stone Wall x1 |
| 15:46 | [DH] JapoIroh · wall_segment Stone Wall x1 |
| 16:48 | [DH] JapoIroh · wall_segment Stone Wall x1 |
| 16:49 | [DH] JapoIroh · wall_segment Stone Wall x1 |
| 16:49 | [DH] JapoIroh · wall_segment Stone Wall x1 |
| 16:49 | [DH] JapoIroh · wall_segment Stone Wall x1 |
| 16:49 | [DH] JapoIroh · wall_segment Stone Wall x2 |
| 16:50 | [DH] JapoIroh · wall_segment Stone Wall x2 |
| 16:50 | [DH] JapoIroh · wall_segment Stone Wall x1 |
| 16:50 | [DH] JapoIroh · wall_segment Stone Wall x2 |
| 16:51 | [DH] JapoIroh · wall_segment Stone Wall x1 |
| 16:51 | [DH] JapoIroh · wall_segment Stone Wall x1 |
| 16:51 | [DH] JapoIroh · wall_segment Stone Wall x1 |
| 18:10 | [DH] JapoIroh · wall_segment Palisade Wall x1 |
| 18:31 | [DH] JapoIroh · wall_segment Stone Wall x1 |
| 18:56 | [DH] JapoIroh · wall_segment Palisade Wall x1 |
| 20:35 | [DH] JapoIroh · age_up castle |
| 21:02 | doecke998 · first_building Siege Workshop |
| 21:11 | [DH] JapoIroh · first_market_buy 100 stone |
| 21:14 | [DH] JapoIroh · first_market_sell 100 food |
| 21:51 | [DH] JapoIroh · wall_segment Stone Wall x1 |
| 21:51 | [DH] JapoIroh · wall_segment Stone Wall x1 |
| 21:51 | [DH] JapoIroh · wall_segment Stone Wall x2 |
| 21:51 | [DH] JapoIroh · wall_segment Stone Wall x1 |
| 21:52 | [DH] JapoIroh · wall_segment Stone Wall x1 |
| 21:52 | [DH] JapoIroh · wall_segment Stone Wall x2 |
| 21:52 | [DH] JapoIroh · wall_segment Stone Wall x2 |
| 21:53 | [DH] JapoIroh · wall_segment Stone Wall x2 |
| 21:53 | [DH] JapoIroh · wall_segment Stone Wall x1 |
| 21:53 | [DH] JapoIroh · wall_segment Stone Wall x2 |
| 21:54 | [DH] JapoIroh · wall_segment Stone Wall x1 |
| 21:54 | [DH] JapoIroh · wall_segment Stone Wall x1 |
| 21:55 | [DH] JapoIroh · wall_segment Stone Wall x2 |
| 22:40 | [DH] JapoIroh · first_building Castle |
| 23:46 | [DH] JapoIroh · resign |
[ AI ANALYSIS · 1 CREDIT ]
What really happened in this match?
Wolo.gg analyzes every decision: build order, eco, micro, common mistakes by bracket. Personalized analysis on WhatsApp or Discord in 30 seconds.
Civ guide
Berbers
Perfil
[DH] JapoIroh